AoeStats
← marko.cro

Arena

506426307Analyzed
3v3 RM · 18d ago on Sep 13, 2026· 46m 59s· 6 players
Game mode
Random Map
Map size
Normal (6 player)
Population
200
Speed
Normal
Resources
Standard
Victory
Conquest
Starting age
Dark Age
Ending age
Imperial Age
RankedLock teamsTeams togetherTeam positionsShared explorationLock speedFull tech treeHidden civsTurbo modeCheats
Victory
Defeat
🇲🇽 Teutons · Mexico
1172
+8
🇬🇧 Lithuanians · United Kingdom
1005
+14
🇲🇽 Bohemians · Mexico
813
+22
🇭🇷 Turks · Croatia
975
-15
🇩🇪 Bulgarians · Germany
969
-15
🇭🇷 Muisca · Croatia
959
-14
Huge.Master
8:31 Loom
12:18 Feudal Age
16:04 Castle Age
14:26 Double-Bit Axe
14:23 Horse Collar
22:30 Stone Mining
23:07 Gold Mining
28:39 Bow Saw
28:30 Heavy Plow
29:07 Stone Shaft Mining
32:34 Imperial Age
34:21 Chemistry
34:18 Conscription
35:08 Two-Man Saw
34:41 Crop Rotation
37:07 Ironclad
36:51 Elite Teutonic Knight
36:55 Pikeman
37:21 Arson
38:03 Squires
37:25 Cavalier
39:19 Halberdier
40:10 Forging
40:00 Scale Mail Armor
40:10 Forging
40:01 Scale Mail Armor
40:11 Forging
40:06 Scale Barding Armor
40:01 Scale Mail Armor
40:06 Scale Barding Armor
44:20 Crenellations
44:07 Siege Engineers
44:40 Iron Casting
44:20 Chain Mail Armor
44:40 Iron Casting
44:20 Chain Mail Armor
44:40 Iron Casting
44:25 Chain Barding Armor
44:32 Paladin
45:23 Bloodlines
montormtr
9:09 Feudal Age
15:25 Castle Age
13:49 Double-Bit Axe
14:04 Horse Collar
27:25 Imperial Age
24:49 Loom
42:44 Scale Barding Armor
45:26 Ballistics
47:39 Chemistry
arjun
2:49 Loom
7:14 Loom
9:58 Feudal Age
11:00 Horse Collar
11:42 Double-Bit Axe
17:00 Castle Age
17:05 Wheelbarrow
18:13 Bow Saw
19:42 Hand Cart
19:33 Gold Mining
22:49 Heavy Plow
23:26 Bloodlines
25:49 Town Watch
27:06 Husbandry
29:24 Scale Barding Armor
29:30 Forging
31:11 Town Patrol
31:34 Chain Barding Armor
36:49 Imperial Age
37:32 Iron Casting
36:55 Cavalier
39:22 Plate Barding Armor
38:26 Paladin
38:33 Capped Ram
44:27 Scale Mail Armor
stk1908
9:59 Feudal Age
11:14 Loom
14:10 Castle Age
12:28 Double-Bit Axe
15:19 Bow Saw
24:54 Wheelbarrow
31:05 Imperial Age
31:12 Imperial Age
29:00 Gold Mining
30:11 Ballistics
32:19 Scale Mail Armor
32:30 Forging
31:43 Pikeman
32:24 Squires
32:12 Gambesons
36:31 Chemistry
36:05 Horse Collar
37:07 Chain Mail Armor
37:28 Iron Casting
37:37 Hand Cart
37:27 Heavy Plow
38:20 Plate Mail Armor
38:44 Halberdier
40:08 Bloodlines
43:43 Blast Furnace
42:48 Scale Barding Armor
42:11 Capped Ram
marko.cro
0:31 Loom
11:19 Feudal Age
11:40 Horse Collar
11:46 Double-Bit Axe
12:58 Wheelbarrow
12:13 Town Watch
13:40 Champi Runner
22:56 Castle Age
23:19 Forging
23:10 Scale Mail Armor
23:02 Fletching
23:13 Padded Archer Armor
24:43 Town Patrol
25:31 Treadmill Crane
26:03 Masonry
26:13 Heavy Plow
27:53 Squires
30:05 Hand Cart
30:41 Murder Holes
31:42 Ballistics
33:52 Pikeman
35:39 Bow Saw
35:41 Gold Mining
35:54 Stone Mining
37:43 Gold Shaft Mining
39:16 Iron Casting
38:44 Champi Warrior
42:48 Chain Mail Armor
Mr.q
13:00 Feudal Age
16:50 Castle Age
14:50 Gold Mining
14:47 Double-Bit Axe
17:13 Castle Age
21:34 Imperial Age
21:54 Gold Shaft Mining
32:37 Loom
36:00 Wheelbarrow
36:41 Fletching
38:03 Hand Cart
42:19 Padded Archer Armor
43:05 Horse Collar
43:38 Bow Saw
44:42 Heavy Plow
Connection lost

Rejoining the realm…

Still unreachable

The connection could not be restored.

Session expired

The server has moved on; the page needs a fresh start.